 Dungeon Crawl Stone Soup version 0.30-a0-737-gf23d94013f (console) character file.

Game seed: 9072093429778399895

30 rlgrobin the Sneak (level 3, 0/29 HPs)
             Began as a Demonspawn Delver on Feb 3, 2023.
             Slain by an orc warrior
             ... wielding a +0 battleaxe
              (22 damage)
             ... on level 5 of the Dungeon.
             The game lasted 00:02:28 (395 turns).

rlgrobin the Sneak (Demonspawn Delver)               Turns: 395, Time: 00:02:28

Health: 0/29       AC:  3    Str: 12    XL:     3   Next: 3%
Magic:  3/3        EV: 11    Int: 11    God:
Gold:   24         SH:  0    Dex: 16    Spells: 2/2 levels left

rFire   . . .      SeeInvis .    a - +0 short sword
rCold   . . .      Faith    .    (no shield)
rNeg    . . .      Spirit   .    b - +0 leather armour
rPois   .          Reflect  .    (no helmet)
rElec   .          Harm     .    (no cloak)
rCorr   .          Rampage  .    (no gloves)
Will    .....                    (no boots)
Stlth   +++                      (no amulet)
HPRegen 0.24/turn                (no ring)
MPRegen 0.08/turn                (no ring)

@: no status effects
A: claws 1
a: no special abilities


You were on level 5 of the Dungeon.
You visited 1 branch of the dungeon, and saw 2 of its levels.

You collected 24 gold pieces.

Inventory:

Hand Weapons
 a - a +0 short sword (weapon)
Armour
 b - a +0 leather armour (worn)
Wands
 g - a wand of digging (3)
 j - a wand of flame (16)
Scrolls
 c - a scroll of fog
 d - a scroll of magic mapping
Potions
 f - a potion of haste
 h - a potion of berserk rage {unknown}


   Skills:
 - Level 3.0 Fighting
 + Level 3.2 Short Blades
 - Level 1.7 Dodging
 - Level 4.5 Stealth


You had 2 spell levels left.
You didn't know any spells.
Your spell library contained the following spells:

 Spells                   Type           Power      Damage    Failure   Level
 Tukima's Dance           Hex            0%         N/A       80%         3
 Passage of Golubria      Tloc           0%         N/A       99%         4
 Yara's Violent Unravell  Hex/Tmut       0%         3d3       100%        5


Dungeon Overview and Level Annotations

Branches:
Dungeon (6/15)
 Temple: D:4-7

Altars:

Annotations:
D:5 Dowan


Innate Abilities, Weirdness & Mutations

You have sharp fingernails.


Message History

Increase (S)trength, (I)ntelligence, or (D)exterity?
You feel agile. x2
You start resting.
HP restored.
Found 16 gold pieces.
A black bear comes into view.
The black bear growls angrily.
You see here a wand of flame (16).
j - a wand of flame (16)
The black bear attacks as you move away!
The black bear bites you. The black bear closely misses you.
The black bear claws you.
The black bear attacks as you move away!
The black bear barely misses you.
The black bear claws you but does no damage.
The black bear claws you.
The black bear attacks as you move away!
The black bear barely misses you.
The black bear claws you but does no damage. x2
The black bear attacks as you move away!
The black bear bites you. The black bear misses you.
The black bear claws you but does no damage.
There is an escape hatch in the ceiling here.
As you read the scroll of fear, it crumbles to dust.
You assume a fearsome visage.
The black bear looks frightened!
A mysterious force pulls you upwards. The hatch slams shut behind you.
Level annotation: Dowan The orc shouts! x2; The orc warrior shouts!
The orc priest shouts!
The orc wizard shouts!
Found an escape hatch in the floor.
As you read the scroll labelled ELUNUT XOGOPP, it crumbles to dust.
You hear a loud clanging noise!
It was a scroll of noise.
You hear a shout! x2
The orc wizard closely misses you.
The orc priest hits you but does no damage.
The orc closely misses you.
The orc warrior hits you with a +0 battleaxe!!
Ouch! That really hurt!
You die...

####......##
......####...#.#
#.##.### .....
##.##.## #.####
.... #...... #.#
).. ####.## #.#
#+# #.# #.# .#
#.# #.# .# #.#
#.# ##o## #.#
#.# #@o># #.#
#.# #o#oo.# #.#
##.#########.#
#.###########.#
#...........#
#............#
##.#########
.#############
###


You could see an orc warrior, an orc priest, an orc wizard and 2 orcs.

Vanquished Creatures
  A hound (D:6)
1 creature vanquished.

Notes
Turn   | Place    | Note
-------+----------+-------------------------------------------
     0 | D:5      | rlgrobin the Demonspawn Delver began the quest for the Orb.
     0 | D:5      | Reached XP level 1. HP: 18/18 MP: 1/1
    65 | D:5      | Noticed Dowan
    65 | D:5      | Noticed an ogre
   157 | D:5      | Noticed an ice beast
   235 | D:6      | Noticed a scorpion
   268 | D:6      | Noticed a black bear
   273 | D:6      | Noticed a hound
   298 | D:6      | Killed a hound
   299 | D:6      | Gained mutation: You have sharp fingernails. [demonic
                  | ancestry]
   299 | D:6      | Reached XP level 2. HP: 8/24 MP: 2/2
   299 | D:6      | Reached XP level 3. HP: 10/29 MP: 3/3
   382 | D:6      | Noticed a black bear
   394 | D:5      | Noticed an orc warrior
   395 | D:5      | Slain by an orc warrior

Illustrated notes

Levels and vault maps discovered:
D:5:      layout_loops_corners, trog_hazing_becter, uniq_duvessa, uniq_edmund
D:6:      layout_basic, uniq_pikel

Skill      XL: |  1 |
---------------+----+-----
Short Blades   | 3 |  3.2
Fighting       | |  3.0
Dodging        | |  1.7
Stealth        | |  4.5

Action                     || total
---------------------------++-------
  Melee: Short sword       ||    15
    Use: Scroll            ||     2
 Armour: Leather armour    ||     8
  Dodge: Dodged            ||    18

Table legend: (Time is in decaauts)
 A = Elapsed time spent in this place.
 B = Non-inter-level travel time spent in this place.
 C = Inter-level travel time spent in this place.
 D = Time resting spent in this place.
 E = Time spent auto-exploring this place.
 F = Levels seen in this place.
 G = Mean time per level.
                   A        B        C        D        E       F      G
               +--------+--------+--------+--------+--------+-----+--------+
         Total |    393 |    393 |      0 |     78 |      0 |   2 |  196.5 |
       Dungeon |    393 |    393 |      0 |     78 |      0 |   2 |  196.5 |
               +--------+--------+--------+--------+--------+-----+--------+

Top non-repeatable levels by time:
     D:6: 198 daAuts
     D:5: 194 daAuts
